 Dungeon Crawl Stone Soup version 0.32-a0-427-g448f42529f (webtiles) character file.

Game seed: 14194127777316169738

60 Gargoyl the Trooper (level 4, 0/29 HPs)
             Began as a Gargoyle Berserker on Feb 22, 2024.
             Was a Follower of Trog.
             Slain by Sigmund
             ... wielding a +0 scythe
              (10 damage)
             ... on level 2 of the Dungeon.
             The game lasted 00:01:32 (1172 turns).

Gargoyl the Trooper (Gargoyle Berserker)            Turns: 1172, Time: 00:01:32

Health: 0/29       AC: 10    Str: 21    XL:     4   Next: 6%
Magic:  4/4        EV: 10    Int:  7    God:    Trog [*.....]
Gold:   76         SH:  0    Dex: 11    Spells: 3/3 levels left

rFire   . . .        a - +0 hand axe
rCold   . . .        (no shield)
rNeg    + . .        c - +0 scale mail
rPois   ∞            (no helmet)
rElec   +            (no cloak)
rCorr   .            (no gloves)
SInv    .            (no boots)
Will    .....        (no amulet) Stlth
                     (no ring)
HPRegen 0.24/turn    (no ring)
MPRegen 0.09/turn

%: no passive effects
@: on berserk cooldown, slowed, very slow
A: sickness immunity, AC +3, negative energy resistance 1, electricity
resistance, torment resistance 1, petrification resistance
a: Renounce Religion, Berserk


You were on level 2 of the Dungeon.
You worshipped Trog.
Trog was aware of your devotion.
You visited 1 branch of the dungeon, and saw 2 of its levels.

You collected 76 gold pieces.

Inventory:

Hand Weapons
 a - a +0 hand axe (weapon)
 e - a +0 flail
Missiles
 i - 5 poisoned darts (quivered)
Armour
 c - a +0 scale mail (worn)
Scrolls
 f - a scroll of noise {unknown}
 h - 2 scrolls of identify {unknown}
 j - 3 scrolls of enchant weapon {unknown}
Potions
 b - a potion of magic {unknown}
 d - a potion of enlightenment {unknown}
 g - a potion of might {unknown}


   Skills:
 + Level 4.1 Fighting
 + Level 3.4 Axes
 + Level 2.7 Armour
 + Level 1.8 Dodging


You had 3 spell levels left.
You didn't know any spells.
Your spell library was empty.

Dungeon Overview and Level Annotations

Branches:
Dungeon (2/15)

Altars:

Annotations:
D:2 Sigmund


Innate Abilities, Weirdness & Mutations

You are immune to sickness and miasma.
Your stone body is resilient. (AC +3)
You are immune to poison.
You resist negative energy. (rN+)
You are resistant to electric shocks. (rElec)
You are resistant to unholy torment.
You are immune to petrification.


Message History

A bat comes into view.
The hobgoblin hits you but does no damage.
The hobgoblin closely misses you. Sigmund hits you but does no damage.
A red film seems to cover your vision as you go berserk!
You feel yourself moving faster!
You feel mighty! The hobgoblin closely misses you.
You slash the hobgoblin!
You kill the hobgoblin!
Trog accepts your kill.
Sigmund hits you from afar with a +0 scythe.
You barely miss the bat. The bat hits you but does no damage.
A hobgoblin comes into view.
The hobgoblin shouts!
Sigmund casts a spell.
Sigmund flickers and vanishes!
Deactivating autopickup; reactivate with Ctrl-A.
You see here a hobgoblin corpse.
Unknown command.
You barely miss something. You slash the bat!
You kill the bat!
Trog accepts your kill.
You hear some strange, mumbled words.
You are confused.
Unknown command.
You feel a strong urge to attack something.
Something hits you.
You closely miss something.
You are no longer berserk.
You are exhausted.
You feel yourself slow down.
You hit something. You hit the hobgoblin.
Something hits you but does no damage. The hobgoblin barely misses you.
You're too confused to move!
The hobgoblin closely misses you. Something hits you!
The hobgoblin closely misses you.
You completely miss something. You miss the hobgoblin. Something hits you!
The hobgoblin closely misses you.
You barely miss something. You miss the hobgoblin.
You feel less confused. The hobgoblin closely misses you. Something hits you!
You die...

..............#.##.##............
...##.##.#.#....##.##########...#
.. #. #........##.# #...# . #.
#...#.#..#..# #...#
.....###.##..?.# #...# ######
#.#....## #...# ###...##†# #...#
......g.{# #...# ......#@.# #...#
......#........ #...#
......#...##### #...# .... .....#
##.## .. #....# . ##.#.# .#..
##...


You could see a hobgoblin.

Vanquished Creatures
  2 adders (D:2)
  3 endoplasms (D:1)
  5 goblins
  2 hobgoblins
  2 quokkas (D:1)
  3 ball pythons
  3 bats
  3 kobolds (D:1)
  2 rats (D:1)
25 creatures vanquished.

Notes
Turn   | Place    | Note
-------+----------+-------------------------------------------
     0 | D:1      | Gargoyl the Gargoyle Berserker began the quest for the Orb.
     0 | D:1      | Reached XP level 1. HP: 14/14 MP: 1/1
   260 | D:1      | Reached XP level 2. HP: 18/19 MP: 2/2
   665 | D:1      | Reached XP level 3. HP: 23/24 MP: 3/3
  1038 | D:2      | Reached skill level 4 in Fighting
  1144 | D:2      | Reached XP level 4. HP: 29/29 MP: 4/4
  1156 | D:2      | Noticed Sigmund
  1172 | D:2      | Slain by Sigmund

Illustrated notes

Levels and vault maps discovered:
D:1:      roadster_arrival_rocket_large, layout_basic
D:2:      layout_basic, kennysheep_generic_room_8, uniq_sigmund

Skill      XL: |  1  2  3 |
---------------+----------+-----
Axes           | 3 |  3.4
Fighting       | 4 |  4.1
Armour         | |  2.7
Dodging        | |  1.8

Action                     |  1- 3 |  4- 6 || total
---------------------------+-------+-------++-------
  Melee: Hand axe          |    71 |    12 ||    83
 Invoke: Berserk           |       |     1 ||     1
 Armour: Animal skin       |     3 |       ||     3
         Scale mail        |    38 |    12 ||    50
  Dodge: Dodged            |    37 |     8 ||    45

Table legend: (Time is in decaauts)
 A = Elapsed time spent in this place.
 B = Non-inter-level travel time spent in this place.
 C = Inter-level travel time spent in this place.
 D = Time resting spent in this place.
 E = Time spent auto-exploring this place.
 F = Levels seen in this place.
 G = Mean time per level.
                   A        B        C        D        E       F      G
               +--------+--------+--------+--------+--------+-----+--------+
         Total |   1182 |   1162 |     20 |      0 |    856 |   2 |  591.0 |
       Dungeon |   1182 |   1162 |     20 |      0 |    856 |   2 |  591.0 |
               +--------+--------+--------+--------+--------+-----+--------+

Top non-repeatable levels by time:
     D:1: 1006 daAuts
     D:2: 175 daAuts
